 Dungeon Crawl Stone Soup version 0.30.1-1-g62c8e00024 (webtiles) character file.

Game seed: 12256186242954777770

702 GeoRichter the Firebug (level 7, -1/46 HPs)
             Began as a Demonspawn Fire Elementalist on July 14, 2023.
             Was an Initiate of Vehumet.
             Shot with an arrow by a centaur (7 damage)
             ... on level 6 of the Dungeon.
             The game lasted 00:06:08 (4487 turns).

GeoRichter the Firebug (DsFE)                       Turns: 4487, Time: 00:06:09

Health: -1/46      AC:  3    Str: 13    XL:     7   Next: 38%
Magic:  17/19      EV: 12    Int: 18    God:    Vehumet [......]
Gold:   38         SH:  4    Dex: 13    Spells: 2/10 levels left

rFire   . . .        e - +2 dagger (drain)
rCold   . . .        (no shield)
rNeg    . . .        v - +1 robe of Zonec Maebe {Str+4}
rPois   .            (helmet restricted)
rElec   .            (no cloak)
rCorr   .            (no gloves)
SInv    +            (no boots)
Will    .....        (no amulet)
Stlth   ++           l - ring of see invisible
HPRegen 0.27/turn    n - ring of magical power
MPRegen 0.16/turn

%: no passive effects
@: no status effects
A: antennae 2, claws 1, foul stench 1, condensation shield
a: Renounce Religion


You were on level 6 of the Dungeon.
You worshipped Vehumet.
Vehumet was noncommittal.
You visited 1 branch of the dungeon, and saw 6 of its levels.

You collected 186 gold pieces.
You spent 148 gold pieces at shops.

Inventory:

Hand Weapons
 e - a +2 dagger of draining (weapon)
   (You took it off a goblin on level 1 of the Dungeon)
Missiles
 c - 2 throwing nets {!f}
Armour
 v - the +1 robe of Zonec Maebe (worn) {Str+4}
   (You bought it in a shop on level 5 of the Dungeon)

   Str:       It affects your strength (+4).
Jewellery
 l - a ring of see invisible (left claw)
   (You found it on level 3 of the Dungeon)
 n - a ring of magical power (right claw)
   (You found it on level 3 of the Dungeon)
 x - a ring of ice
   (You found it on level 5 of the Dungeon)
Wands
 a - a wand of acid (8)
   (You found it on level 5 of the Dungeon)
 s - a wand of polymorph (13)
   (You found it on level 4 of the Dungeon)
 w - a wand of charming (11)
   (You found it on level 5 of the Dungeon)
Scrolls
 f - a scroll of fog
 h - a scroll of vulnerability {!r}
 j - a scroll of teleportation {@r4}
 k - 2 scrolls of immolation {!r}
 o - a scroll of brand weapon {unknown}
 t - a scroll of blinking
 u - a scroll of torment {unknown}
Potions
 b - 3 potions of magic
 g - 2 potions of flight
 i - 4 potions of attraction {!q}
 m - 3 potions of cancellation
 p - a potion of curing {unknown}
 q - a potion of might {unknown}
 r - a potion of invisibility {unknown}


   Skills:
 - Level 1.7 Dodging
 - Level 1.7 Stealth
 - Level 2.0 Spellcasting
 + Level 4.6 Conjurations
 * Level 6.7 Fire Magic


You had 2 spell levels left.
You knew the following spells:

 Your Spells              Type           Power      Damage    Failure   Level
a - Foxfire               Conj/Fire      88%        2x1d8     1%          1
b - Volatile Blastmotes   Fire/Tloc      26%        2d12      14%         3
c - Flame Wave            Conj/Fire      22%        2d8       17%         4

Your spell library contained the following spells:

 Spells                   Type           Power      Damage    Failure   Level
 Scorch                   Fire           50%        2d7       1%          2
 Inner Flame              Hex/Fire       13%        N/A       14%         3


Dungeon Overview and Level Annotations

Branches:
Dungeon (6/15) Zot: 26981
 Temple: D:4-7

Altars:
Hepliaklqana
Kikubaaqudgha
Nemelex Xobeh
Vehumet
Xom

Shops:
D:5 [


Innate Abilities, Weirdness & Mutations

You have a pair of antennae on your head.
You have sharp fingernails.
You may rarely emit foul miasma when damaged in melee.
A meltable shield of frost defends you. (SH +4)


Message History

The scroll dissolves into smoke.
As you read the scroll of identify {@r1}, it crumbles to dust.
t - a scroll of blinking
As you read the scroll of identify {@r1}, it crumbles to dust.
h - a scroll of vulnerability A centaur, a sky beast and 2 adders come into view.
A shadow imp comes into view.
Found a shimmering altar of Xom.
The shadow imp shouts!
The adder hisses angrily.
The adder is engulfed in noxious fumes.
The adder appears confused.
The adder bites the centaur.
The centaur is poisoned.
The adder poisons the centaur!
A centaur comes into view.
The centaur wields a +0 shortbow.
The centaur shoots an arrow.
The arrow hits you.
The centaur is engulfed in noxious fumes.
An orc comes into view. It is wielding a +0 falchion.
The adder is engulfed in noxious fumes.
The adder appears confused.
The adder is engulfed in noxious fumes.
The adder appears confused.
The adder bites the orc.
The orc shouts!
The centaur moves out of view.
The adder hisses angrily.
You conjure some foxfire!
You hear an angry hiss.
You hear a shout!
The centaur shoots an arrow.
The arrow hits you!
The adder is engulfed in noxious fumes.
The adder appears confused.
The adder bites something.
The adder is engulfed in noxious fumes.
The adder appears confused.
The adder bites the centaur but does no damage.
A wight comes into view. It is wielding a +3 spear of freezing.
You conjure some foxfire!
The foxfire hits the sky beast.
The sky beast is lightly wounded.
The adder is engulfed in noxious fumes.
The adder appears confused.
The foxfire hits the sky beast.
The sky beast is moderately wounded.
The centaur shoots an arrow.
The arrow hits you!
* * * LOW HITPOINT WARNING * * *
The adder is engulfed in noxious fumes.
The adder appears confused.
You hear an angry hiss.
The foxfire hits the sky beast.
The sky beast is moderately wounded.
The foxfire hits the sky beast.
The sky beast is heavily wounded.
The centaur shoots an arrow.
The arrow hits you!
* * * LOW HITPOINT WARNING * * *
The adder bites something.
The centaur shoots an arrow.
The arrow barely misses you.
The centaur shoots an arrow.
The arrow hits you!
You die...

{ ### #§#######
#§§§.....
#+#§#######
#§§§# # #§§@#
..#..#§.§#
.......§§#
....#..Y.......
#.. +..........
## #...#......
co..#...###
.z5~.......
S○..≈........


You could see a sky beast, a centaur (poisoned), a wight, a shadow imp and an
orc.

Vanquished Creatures
  An ice beast (D:5)
  A phantom (D:4)
  4 scorpions (D:5)
  A jelly (D:5)
  A hound (D:5)
  An orc priest (D:5)
  An iguana (D:5)
  An orc wizard (D:5)
  6 adders
  5 worms
  5 dart slugs
  5 orcs (D:5)
  4 ball pythons
  3 endoplasms
  4 giant cockroaches
  10 goblins
  6 hobgoblins
  4 jackals (D:3)
  6 quokkas
  6 bats
  4 frilled lizards
  8 kobolds
  4 rats
  A spectral kobold (D:5)
92 creatures vanquished.

Vanquished Creatures (others)
  326 foxfires
326 creatures vanquished.

Grand Total: 418 creatures vanquished

Notes
Turn   | Place    | Note
-------+----------+-------------------------------------------
     0 | D:1      | GeoRichter the Demonspawn Fire Elementalist began the quest
                  | for the Orb.
     0 | D:1      | Reached XP level 1. HP: 13/13 MP: 3/3
   110 | D:1      | Reached skill level 3 in Fire Magic
   177 | D:1      | Gained mutation: A meltable shield of frost defends you.
                  | (SH +4) [demonic ancestry]
   177 | D:1      | Reached XP level 2. HP: 11/19 MP: 1/5
   941 | D:2      | Gained mutation: You may rarely emit foul miasma when
                  | damaged in melee. [demonic ancestry]
   941 | D:2      | Reached XP level 3. HP: 21/24 MP: 1/6
  1556 | D:2      | Reached skill level 4 in Fire Magic
  1665 | D:2      | Reached XP level 4. HP: 30/30 MP: 5/7
  2892 | D:3      | Found a sparkling altar of Nemelex Xobeh.
  3029 | D:4      | Learned a level 3 spell: Volatile Blastmotes
  3071 | D:4      | Noticed a phantom
  3080 | D:4      | Killed a phantom
  3081 | D:4      | Discovered your monstrous ancestry.
  3081 | D:4      | Gained mutation: You have sharp fingernails. [demonic
                  | ancestry]
  3081 | D:4      | Reached XP level 5. HP: 35/35 MP: 8/8
  3159 | D:4      | Found a radiant altar of Vehumet.
  3256 | D:4      | Became a worshipper of Vehumet
  3267 | D:5      | Entered Level 5 of the Dungeon
  3299 | D:5      | Reached skill level 5 in Fire Magic
  3379 | D:5      | Gained mutation: You have a pair of small antennae on your
                  | head. [demonic ancestry]
  3379 | D:5      | Reached XP level 6. HP: 41/41 MP: 9/9
  3574 | D:5      | Found Jilipe's Antique Armour Boutique.
  3584 | D:5      | Bought an ominously black robe for 148 gold pieces
  3584 | D:5      | Identified the +1 robe of Zonec Maebe {Str+4} (You bought
                  | it in a shop on level 5 of the Dungeon)
  3645 | D:5      | Noticed an ice beast
  3655 | D:5      | Killed an ice beast
  3698 | D:5      | Reached skill level 6 in Fire Magic
  3728 | D:5      | Found an ancient bone altar of Kikubaaqudgha.
  3734 | D:5      | Learned a level 4 spell: Flame Wave
  3792 | D:5      | Gained mutation: You have a pair of antennae on your head.
                  | [demonic ancestry]
  3792 | D:5      | Reached XP level 7. HP: 41/46 MP: 10/10
  3883 | D:5      | Found a hazy altar of Hepliaklqana.
  4483 | D:6      | Found a shimmering altar of Xom.
  4487 | D:6      | Shot with an arrow by a centaur

Illustrated notes

Levels and vault maps discovered:
D:1:      dpeg_arrival_lava_temple_mockup, layout_basic, corexii_corridor_pit
D:2:      layout_loops_ring
D:3:      layout_rooms, nemelex_spade_bored_becter,
          nicolae_concentric_dashed_squares_mild, minmay_cupped
D:4:      old_forge, layout_basic, okawaru_metal_pillars_3,
          mainiacjoe_overflow_tiny_flanked, serial_shops,
          nicolae_shop_waterfront
D:5:      layout_loops_ring, nicolae_hepliaklqana_monster_ancestors,
          nicolae_kikubaaqudgha_miasma_corner, serial_shops, shop
D:6:      layout_basic, xom_confusion_cloud,
          minmay_temple_entry_drinking_statues, gup_sewer_entry_spiral,
          chequers_decorated_corner, kennysheep_generic_room_15

Skill      XL: |  1  2  3  4  5  6 |
---------------+-------------------+-----
Fire Magic     | 3 4 5 6 |  6.7
Conjurations   | 2 3 4 |  4.6
Dodging        | |  1.7
Stealth        | |  1.7
Spellcasting   | |  2.0

Action                     |  1- 3 |  4- 6 |  7- 9 || total
---------------------------+-------+-------+-------++-------
  Melee: Unarmed           |     3 |       |       ||     3
         Dagger            |    21 |    32 |     6 ||    59
         Punch             |       |     1 |       ||     1
   Cast: Foxfire           |    63 |    99 |    36 ||   198
    Use: Scroll            |       |       |     9 ||     9
   Stab: Sleeping          |       |     1 |       ||     1
 Armour: Robe              |     9 |     5 |     1 ||    15
  Dodge: Dodged            |    28 |    26 |     5 ||    59
  Block: Other             |     7 |     3 |     1 ||    11
